Phantoms vs Marlies

Created - 3 février 2022 at 16:30

Goals
1 2 3 T
Phantoms 2 2 2 6
Marlies 3 2 0 5
Shots
1 2 3 T
Phantoms 10 11 10 31
Marlies 17 15 22 54

GoalsPenalties
1st period
1. Phantoms , Andrew Poturalski 1 (Henri Jokiharju 57, Mark Friedman 27) at 5:00 (PP)
2. Marlies , Oskar Steen 7 (Mitchell Stephens 13) at 9:40
3. Marlies , Dennis Cholowski 8 (Frederik Gauthier 21, Gabriel Bourque 21) at 10:13
4. Phantoms , Henri Jokiharju 15 (Riley Barber 12, Sheldon Dries 15) at 14:11
5. Marlies , Philipp Kurashev 24 (Dennis Cholowski 30, Ty Dellandrea 39) at 19:59
Cody Goloubef (TOR) for Hooking (Minor) at 4:52
Henri Jokiharju (LEV) for Holding (Minor) at 11:24
2nd period
6. Marlies , Frederik Gauthier 24 (Devante Stephens 15, Gabriel Bourque 22) at 3:24
7. Marlies , Ty Dellandrea 23 (Cody Goloubef 18) at 14:23
8. Phantoms , Adam Ruzicka 10 (Nolan Stevens 12, Gage Quinney 21) at 18:53
9. Phantoms , C.J. Smith 10 (Riley Barber 13, Henri Jokiharju 58) at 19:23
Ty Dellandrea (TOR) for Interference (Minor) at 0:15
Cody Goloubef (TOR) for Roughing (Minor) at 16:43
Jake Bischoff (LEV) for Slashing (Minor) at 19:57
3rd period
10. Phantoms , Oliwer Kaski 10 (Joseph Blandisi 20) at 12:48
11. Phantoms , Joachim Blichfeld 14 (Mark Friedman 28, Noah Gregor 21) at 15:06
Joachim Blichfeld (LEV) for Interference (Minor) at 3:40
Joseph Blandisi (LEV) for Interference (Minor) at 7:27
Oliwer Kaski (LEV) for Hooking (Minor) at 10:40
Goalie Stats
Ken Appleby (LEV), 49 saves from 54 shots - (0,907), W, 28-18-5, 60:00 minutes
Adam Werner (TOR), 25 saves from 31 shots - (0,806), L, 14-16-2, 59:01 minutes
3 StarsOfficial
1 - Frederik Gauthier (TOR)
2 - Mark Friedman (LEV)
3 - Dennis Cholowski (TOR)
Referees : Jacob Brenk and Evgeny Romasko
Linesman : Don Henderson and John Grandt
Game Note
No Game Note
Finance
Level 1 -- Attendance: 1558 (77,90%) -- Ticket Income 54 530 $
Level 2 -- Attendance: 1000 (100,00%) -- Ticket Income 15 000 $
Total Attendance: 2558 (85,27%)
Total Ticket Income: 69 530 $
Other Income: 34 070 $
Total Income: 103 600 $



Team Name Goals Shots Shots Attemp Shots Blocked PIM HIT PP PK FO%
Phantoms 631581410211 / 3 (33%)043%
Marlies 554103106250 / 5 (0%)157%

Phantoms
Player Name POS G A P +/- PIM HIT SHT SB MP PP MP PP SHT PK MP PK SHT FO% FOT
Adam RuzickaC/LW/RW1010001012:410:0003:580100% 1
Andrew PoturalskiLW/RW1011003014:271:3810:00050% 2
C.J. SmithLW1011013012:000:0000:0000% 2
David CottonC000-2002014:442:1700:00041% 22
Dmitri SamorukovD0001010212:040:0000:2200% 0
Gage QuinneyC/LW0110001016:291:4905:57028% 25
Gerald MayhewLW/RW0001001120:441:4905:5700% 0
Henri JokiharjuD123-2213423:191:5713:5800% 0
Jake BischoffD0001220014:270:3901:5800% 0
Joachim BlichfeldC/LW/RW101-2222012:260:0000:00067% 3
Joseph BlandisiC0111232014:291:4100:00043% 23
Josh MahuraD000-2000223:151:3005:1100% 0
Mark FriedmanD0221052324:482:3614:3800% 0
Noah GregorC/LW011-2034014:442:1710:0000% 1
Nolan StevensC/LW0110012012:320:0003:58067% 6
Oliwer KaskiD1011212222:041:3003:4300% 0
Riley BarberRW0221001012:390:3900:0000% 0
Sheldon DriesC0111012012:080:0800:00056% 16
Marlies
Player Name POS G A P +/- PIM HIT SHT SB MP PP MP PP SHT PK MP PK SHT FO% FOT
Arnaud DurandeauLW000-1001011:105:1900:0000% 1
Cody GoloubefD0111420120:324:4700:5500% 0
Dennis CholowskiD1121003124:495:0822:3200% 0
Devante StephensD011-2000315:490:0001:5100% 0
Frederik GauthierC/RW1122027019:575:1920:00064% 22
Gabriel BourqueLW/RW0222022014:140:0000:0000% 0
Jonathan GrudenLW000-100105:510:0000:0000% 0
Kyle CliffordLW0002016021:545:1911:57040% 10
Mitchell StephensC011-1004113:480:0001:57037% 19
Nikita OkhotiukD000-2031113:580:0000:0000% 0
Oskar SteenC/LW/RW101-1047014:000:0002:09133% 3
Parker KellyC/LW/RW0000023018:154:3600:000100% 1
Philipp KurashevLW/RW1010004020:244:3602:090100% 1
Rhett GardnerC000-1003012:150:0000:000100% 1
Samuel MorinLW/D0001052023:005:0800:4300% 0
Trevor CarrickD0001014321:504:4732:1100% 0
Ty DellandreaC112-1236024:054:3620:00067% 43
Will ReillyD000000000:000:0000:0000% 0

Phantoms

5 vs 5 Forward
Line #Left WingCenterRight WingPHYDFOFWanted %Time %Time Play
1Noah GregorDavid CottonJoachim Blichfeld1222827%12:27
2Andrew PoturalskiJoseph BlandisiGerald Mayhew1222828%12:49
3C.J. SmithSheldon DriesRiley Barber1222426%12:00
4Nolan StevensGage QuinneyAdam Ruzicka1222019%8:34
5 vs 5 Defense
Line #DefenseDefensePHYDFOFWanted %Time %Time Play
1Henri JokiharjuJosh Mahura0324036%16:34
2Oliwer KaskiMark Friedman0324037%16:52
3Jake BischoffDmitri Samorukov0322026%11:42
4Henri JokiharjuMark Friedman03202%0:42
Power Play Forward
Line #Left WingCenterRight WingPHYDFOFWanted %Time %Time Play
1Noah GregorDavid CottonAndrew Poturalski0055556%2:17
2Gage QuinneyJoseph BlandisiGerald Mayhew0144544%1:49
Power Play Defense
Line #DefenseDefensePHYDFOFWanted %Time %Time Play
1Henri JokiharjuMark Friedman1136063%2:36
2Josh MahuraOliwer Kaski1134037%1:30
Penalty Kill 4 Players Forward
Line #CenterWingPHYDFOFWanted %Time %Time Play
1Gage QuinneyGerald Mayhew0415560%5:57
2Nolan StevensAdam Ruzicka0414540%3:58
Penalty Kill 4 Players Defense
Line #DefenseDefensePHYDFOFWanted %Time %Time Play
1Henri JokiharjuMark Friedman0506060%5:57
2Josh MahuraOliwer Kaski0504040%3:58
Penalty Kill 3 Players
Line #WingPHYDFOFWanted %Time %Time PlayDefenseDefensePHYDFOFWanted %Time %Time Play
1David Cotton050500%0:00 Henri JokiharjuMark Friedman050500%0:00
2Gerald Mayhew050500%0:00 Josh MahuraOliwer Kaski050500%0:00
4 vs 4 Forward
Line #CenterWingPHYDFOFWanted %Time %Time Play
1David CottonNoah Gregor023500%0:00
2Joseph BlandisiGerald Mayhew023500%0:00
4 vs 4 Defense
Line #DefensePHYDFOFWanted %Time %Time Play
1Henri JokiharjuMark Friedman113530%0:00
2Josh MahuraOliwer Kaski113470%0:00
Last Minutes Offensive
Left WingCenterRight WingDefenseDefense
Noah GregorDavid CottonGerald MayhewHenri JokiharjuMark Friedman
Last Minutes Defensive
Left WingCenterRight WingDefenseDefense
Adam RuzickaGage QuinneyGerald MayhewHenri JokiharjuOliwer Kaski
Time
Total ForwardTotal DefenseLast Minutes OffensiveLast Minutes Defensive
60:00 60:00 0:000:09
Extra Forwards
Normal PowerPlayPenalty Kill
Adam Ruzicka, Gage Quinney, Gerald MayhewRiley Barber, Sheldon DriesNolan Stevens
Extra Defensemen
Normal PowerPlayPenalty Kill
Oliwer Kaski, Jake Bischoff, Dmitri SamorukovJake Bischoff, Oliwer KaskiJake Bischoff
Penalty Shots
Noah Gregor, Gage Quinney, Joachim Blichfeld, David Cotton, Gerald Mayhew
Goalie
Ken Appleby, Kirill Ustimenko
Custom OT Lines Forwards
David Cotton, Noah Gregor, Gerald Mayhew, Andrew Poturalski, Nolan Stevens, Sheldon Dries, Joseph Blandisi, Riley Barber, C.J. Smith, Gage Quinney
Custom OT Lines Defensemen
Henri Jokiharju, Mark Friedman, Josh Mahura, Oliwer Kaski, Jake Bischoff
Scratches
Aarne Talvitie (Healthy), Ben Jones (Healthy), Jonathan Davidsson (Healthy), Glenn Gawdin (Healthy), Dmitry Sokolov (Healthy) Tye Felhaber (Healthy), Michal Teply (Healthy), Tyce Thompson (Healthy), Brennan Menell (Healthy), Cavan Fitzgerald (Healthy)

Marlies

5 vs 5 Forward
Line #Left WingCenterRight WingPHYDFOFWanted %Time %Time Play
1Philipp KurashevTy DellandreaParker Kelly1223030%13:39
2Kyle CliffordFrederik GauthierGabriel Bourque1223031%14:14
3Rhett GardnerMitchell StephensOskar Steen1222426%11:51
4Arnaud DurandeauTy DellandreaJonathan Gruden1221613%5:51
5 vs 5 Defense
Line #DefenseDefensePHYDFOFWanted %Time %Time Play
1Dennis CholowskiSamuel Morin1223026%11:46
2Cody GoloubefTrevor Carrick1223033%14:52
3Nikita OkhotiukDevante Stephens1222430%13:34
4Dennis CholowskiSamuel Morin1221612%5:23
Power Play Forward
Line #Left WingCenterRight WingPHYDFOFWanted %Time %Time Play
1Parker KellyTy DellandreaPhilipp Kurashev1225046%4:36
2Arnaud DurandeauKyle CliffordFrederik Gauthier1225054%5:19
Power Play Defense
Line #DefenseDefensePHYDFOFWanted %Time %Time Play
1Dennis CholowskiSamuel Morin1225052%5:08
2Cody GoloubefTrevor Carrick1225048%4:47
Penalty Kill 4 Players Forward
Line #CenterWingPHYDFOFWanted %Time %Time Play
1Mitchell StephensKyle Clifford1225048%1:57
2Oskar SteenPhilipp Kurashev1225052%2:09
Penalty Kill 4 Players Defense
Line #DefenseDefensePHYDFOFWanted %Time %Time Play
1Dennis CholowskiDevante Stephens1225033%1:20
2Cody GoloubefTrevor Carrick1225067%2:46
Penalty Kill 3 Players
Line #WingPHYDFOFWanted %Time %Time PlayDefenseDefensePHYDFOFWanted %Time %Time Play
1Ty Dellandrea122500%0:00 Dennis CholowskiSamuel Morin122500%0:00
2Frederik Gauthier122500%0:00 Cody GoloubefTrevor Carrick122500%0:00
4 vs 4 Forward
Line #CenterWingPHYDFOFWanted %Time %Time Play
1Ty DellandreaParker Kelly122500%0:00
2Frederik GauthierKyle Clifford122500%0:00
4 vs 4 Defense
Line #DefensePHYDFOFWanted %Time %Time Play
1Dennis CholowskiSamuel Morin122500%0:00
2Cody GoloubefTrevor Carrick122500%0:00
Last Minutes Offensive
Left WingCenterRight WingDefenseDefense
Kyle CliffordTy DellandreaFrederik GauthierDennis CholowskiSamuel Morin
Last Minutes Defensive
Left WingCenterRight WingDefenseDefense
Kyle CliffordTy DellandreaFrederik GauthierDennis CholowskiSamuel Morin
Time
Total ForwardTotal DefenseLast Minutes OffensiveLast Minutes Defensive
60:00 60:00 0:240:00
Extra Forwards
Normal PowerPlayPenalty Kill
Ty Dellandrea, Philipp Kurashev, Rhett GardnerTy Dellandrea, Philipp KurashevRhett Gardner
Extra Defensemen
Normal PowerPlayPenalty Kill
Nikita Okhotiuk, Devante Stephens, Cody GoloubefNikita Okhotiuk, Devante StephensCody Goloubef
Penalty Shots
Ty Dellandrea, Frederik Gauthier, Kyle Clifford, Parker Kelly, Rhett Gardner
Goalie
Adam Werner, Alex D'Orio
Custom OT Lines Forwards
Ty Dellandrea, Frederik Gauthier, Kyle Clifford, Parker Kelly, Rhett Gardner, Mitchell Stephens, Samuel Morin, Oskar Steen, Philipp Kurashev, Arnaud Durandeau
Custom OT Lines Defensemen
Dennis Cholowski, Samuel Morin, Cody Goloubef, Trevor Carrick, Nikita Okhotiuk
Scratches
Curtis Hall (Healthy), Damien Riat (Healthy), Reilly Walsh (Healthy), Vladislav Kolyachonok (Healthy), Jakub Skarek (Healthy) Felix Sandstrom (Healthy), Kevin Mandolese (Healthy)


Play-by-Play

1st period


0:01 of 1st period - David Cotton wins face-off versus Ty Dellandrea in neutral zone.
0:14 of 1st period - Shot by Noah Gregor.
0:14 of 1st period - Stopped by Adam Werner without a rebound.
0:15 of 1st period - Joseph Blandisi wins face-off versus Kyle Clifford in Marlies zone.
0:16 of 1st period - Shot by Andrew Poturalski.
0:16 of 1st period - Stopped by Adam Werner without a rebound.
0:17 of 1st period - Sheldon Dries wins face-off versus Mitchell Stephens in Marlies zone.
0:31 of 1st period - C.J. Smith is hit by Nikita Okhotiuk and loses puck.
0:39 of 1st period - Icing by Nikita Okhotiuk.
0:40 of 1st period - Andrew Poturalski wins face-off versus Mitchell Stephens in Marlies zone.
0:43 of 1st period - Shot by Gerald Mayhew.
0:43 of 1st period - Shot Misses the Net.
0:59 of 1st period - Shot by Mitchell Stephens.
0:59 of 1st period - Shot Misses the Net.
1:01 of 1st period - Shot by Rhett Gardner.
1:01 of 1st period - Deflect By Oskar Steen.
1:01 of 1st period - Shot Misses the Net.
1:03 of 1st period - Shot by Mitchell Stephens.
1:03 of 1st period - Shot Misses the Net.
1:14 of 1st period - Dmitri Samorukov is hit by Trevor Carrick and loses puck.
1:43 of 1st period - Shot by Gabriel Bourque.
1:43 of 1st period - Shot Misses the Net.
1:45 of 1st period - Shot by Trevor Carrick.
1:45 of 1st period - Shot Misses the Net.
1:47 of 1st period - Shot by Frederik Gauthier.
1:47 of 1st period - Stopped by Ken Appleby without a rebound.
1:48 of 1st period - Ty Dellandrea wins face-off versus David Cotton in Phantoms zone.
1:57 of 1st period - Shot by Joachim Blichfeld.
1:57 of 1st period - Stopped by Adam Werner without a rebound.
1:58 of 1st period - Sheldon Dries wins face-off versus Ty Dellandrea in Marlies zone.
2:38 of 1st period - Shot by Sheldon Dries.
2:38 of 1st period - Shot Misses the Net.
3:20 of 1st period - Shot by David Cotton.
3:20 of 1st period - Deflect By Joachim Blichfeld.
3:20 of 1st period - Shot Blocked by Dennis Cholowski.
3:36 of 1st period - Shot by Cody Goloubef.
3:36 of 1st period - Shot Misses the Net.
3:38 of 1st period - Shot by Frederik Gauthier.
3:38 of 1st period - Stopped by Ken Appleby with a rebound.
3:40 of 1st period - Shot by Frederik Gauthier.
3:40 of 1st period - Shot Misses the Net.
3:48 of 1st period - Shot by Frederik Gauthier.
3:48 of 1st period - Deflect By Kyle Clifford.
3:48 of 1st period - Stopped by Ken Appleby without a rebound.
3:49 of 1st period - Gage Quinney wins face-off versus Mitchell Stephens in Phantoms zone.
3:49 of 1st period - Gage Quinney is hit by Oskar Steen.
4:45 of 1st period - Icing by Nikita Okhotiuk.
4:46 of 1st period - Joseph Blandisi wins face-off versus Mitchell Stephens in Marlies zone.
4:49 of 1st period - Shot by Oliwer Kaski.
4:49 of 1st period - Shot Blocked by Devante Stephens.
4:51 of 1st period - Shot by Joseph Blandisi.
4:51 of 1st period - Stopped by Adam Werner without a rebound.
4:52 of 1st period - Joseph Blandisi wins face-off versus Frederik Gauthier in Marlies zone.
4:52 of 1st period - Minor Penalty to Cody Goloubef for Hooking.
4:53 of 1st period - David Cotton wins face-off versus Mitchell Stephens in Marlies zone.
4:58 of 1st period - Shot by Henri Jokiharju.
4:58 of 1st period - Shot Misses the Net.
5:00 of 1st period - Shot by Andrew Poturalski.
5:00 of 1st period - Goal by Andrew Poturalski - Phantoms : 1 - Marlies : 0.
5:01 of 1st period - Philipp Kurashev wins face-off versus Joseph Blandisi in neutral zone.
5:01 of 1st period - Ty Dellandrea is hit by Joseph Blandisi and loses puck.
5:11 of 1st period - Shot by Ty Dellandrea.
5:11 of 1st period - Shot Misses the Net.
5:19 of 1st period - Shot by Ty Dellandrea.
5:19 of 1st period - Stopped by Ken Appleby without a rebound.
5:20 of 1st period - Frederik Gauthier wins face-off versus C.J. Smith in Phantoms zone.
5:27 of 1st period - Shot by Kyle Clifford.
5:27 of 1st period - Shot Misses the Net.
5:37 of 1st period - Shot by Riley Barber.
5:37 of 1st period - Stopped by Adam Werner without a rebound.
5:38 of 1st period - Joseph Blandisi wins face-off versus Ty Dellandrea in Marlies zone.
5:55 of 1st period - Shot by Parker Kelly.
5:55 of 1st period - Shot Misses the Net.
5:57 of 1st period - Shot by Philipp Kurashev.
5:57 of 1st period - Shot Misses the Net.
5:59 of 1st period - Shot by Philipp Kurashev.
5:59 of 1st period - Stopped by Ken Appleby without a rebound.
6:00 of 1st period - Frederik Gauthier wins face-off versus David Cotton in Phantoms zone.
6:02 of 1st period - Gabriel Bourque is hit by Henri Jokiharju.
6:12 of 1st period - Henri Jokiharju is hit by Kyle Clifford and loses puck.
7:03 of 1st period - Shot by Parker Kelly.
7:03 of 1st period - Deflect By Philipp Kurashev.
7:03 of 1st period - Shot Misses the Net.
7:05 of 1st period - Shot by Parker Kelly.
7:05 of 1st period - Deflect By Philipp Kurashev.
7:05 of 1st period - Stopped by Ken Appleby with a rebound.
7:07 of 1st period - Shot by Trevor Carrick.
7:07 of 1st period - Stopped by Ken Appleby without a rebound.
7:08 of 1st period - Sheldon Dries wins face-off versus Mitchell Stephens in Phantoms zone.
7:36 of 1st period - Icing by Sheldon Dries.
7:37 of 1st period - Ty Dellandrea wins face-off versus Sheldon Dries in Phantoms zone.
7:37 of 1st period - Ty Dellandrea is hit by Jake Bischoff.
7:39 of 1st period - Shot by Philipp Kurashev.
7:39 of 1st period - Shot Misses the Net.
7:45 of 1st period - Sheldon Dries is hit by Parker Kelly and loses puck.
8:00 of 1st period - Shot by Ty Dellandrea.
8:00 of 1st period - Deflect By Philipp Kurashev.
8:00 of 1st period - Shot Misses the Net.
8:05 of 1st period - Icing by C.J. Smith.
8:06 of 1st period - Sheldon Dries wins face-off versus Frederik Gauthier in Phantoms zone.
8:06 of 1st period - Jake Bischoff is hit by Gabriel Bourque.
8:10 of 1st period - Shot by Kyle Clifford.
8:10 of 1st period - Shot Misses the Net.
8:12 of 1st period - Shot by Kyle Clifford.
8:12 of 1st period - Shot Blocked by Dmitri Samorukov.
8:14 of 1st period - Shot by Gabriel Bourque.
8:14 of 1st period - Shot Misses the Net.
9:26 of 1st period - Shot by Adam Ruzicka.
9:26 of 1st period - Shot Misses the Net.
9:28 of 1st period - Shot by Henri Jokiharju.
9:28 of 1st period - Stopped by Adam Werner without a rebound.
9:29 of 1st period - Mitchell Stephens wins face-off versus Gage Quinney in Marlies zone.
9:38 of 1st period - Shot by Mitchell Stephens.
9:38 of 1st period - Deflect By Rhett Gardner.
9:38 of 1st period - Stopped by Ken Appleby without a rebound.
9:39 of 1st period - Mitchell Stephens wins face-off versus Noah Gregor in Phantoms zone.
9:40 of 1st period - Shot by Oskar Steen.
9:40 of 1st period - Goal by Oskar Steen - Phantoms : 1 - Marlies : 1.
9:41 of 1st period - Adam Ruzicka wins face-off versus Frederik Gauthier in neutral zone.
9:48 of 1st period - Shot by Nolan Stevens.
9:48 of 1st period - Shot Misses the Net.
10:13 of 1st period - Shot by Dennis Cholowski.
10:13 of 1st period - Goal by Dennis Cholowski - Phantoms : 1 - Marlies : 2.
10:14 of 1st period - Ty Dellandrea wins face-off versus David Cotton in neutral zone.
10:31 of 1st period - Shot by Parker Kelly.
10:31 of 1st period - Stopped by Ken Appleby with a rebound.
10:38 of 1st period - Shot by Joachim Blichfeld.
10:38 of 1st period - Shot Blocked by Trevor Carrick.
11:06 of 1st period - Devante Stephens is hit by Noah Gregor and loses puck.
11:24 of 1st period - Minor Penalty to Henri Jokiharju for Holding.
11:25 of 1st period - Kyle Clifford wins face-off versus Gage Quinney in Phantoms zone.
11:55 of 1st period - Shot by Dennis Cholowski.
11:55 of 1st period - Shot Misses the Net.
12:21 of 1st period - Shot by Ty Dellandrea.
12:21 of 1st period - Stopped by Ken Appleby without a rebound.
12:22 of 1st period - Ty Dellandrea wins face-off versus Nolan Stevens in Phantoms zone.
12:40 of 1st period - Parker Kelly is hit by Mark Friedman and loses puck.
12:47 of 1st period - Shot by Cody Goloubef.
12:47 of 1st period - Shot Blocked by Mark Friedman.
12:50 of 1st period - Parker Kelly is hit by Mark Friedman and loses puck.
13:31 of 1st period - Shot by Oskar Steen.
13:31 of 1st period - Shot Misses the Net.
13:41 of 1st period - Shot by Rhett Gardner.
13:41 of 1st period - Deflect By Oskar Steen.
13:41 of 1st period - Stopped by Ken Appleby without a rebound.
13:42 of 1st period - Mitchell Stephens wins face-off versus Sheldon Dries in Phantoms zone.
13:45 of 1st period - Shot by Rhett Gardner.
13:45 of 1st period - Shot Blocked by Henri Jokiharju.
14:07 of 1st period - Shot by Sheldon Dries.
14:07 of 1st period - Stopped by Adam Werner with a rebound.
14:09 of 1st period - Shot by Riley Barber.
14:09 of 1st period - Shot Blocked by Nikita Okhotiuk.
14:11 of 1st period - Shot by Henri Jokiharju.
14:11 of 1st period - Goal by Henri Jokiharju - Phantoms : 2 - Marlies : 2.
14:12 of 1st period - David Cotton wins face-off versus Ty Dellandrea in neutral zone.
14:15 of 1st period - Shot by Mark Friedman.
14:15 of 1st period - Stopped by Adam Werner without a rebound.
14:16 of 1st period - Frederik Gauthier wins face-off versus Gage Quinney in Marlies zone.
14:30 of 1st period - Nolan Stevens is hit by Samuel Morin and loses puck.
14:39 of 1st period - Shot by Kyle Clifford.
14:39 of 1st period - Stopped by Ken Appleby without a rebound.
14:40 of 1st period - Ty Dellandrea wins face-off versus Joseph Blandisi in Phantoms zone.
15:05 of 1st period - Shot by Andrew Poturalski.
15:05 of 1st period - Deflect By Gerald Mayhew.
15:05 of 1st period - Shot Misses the Net.
15:17 of 1st period - Andrew Poturalski is hit by Ty Dellandrea and loses puck.
15:37 of 1st period - David Cotton is hit by Parker Kelly.
16:19 of 1st period - Noah Gregor is hit by Samuel Morin.
16:43 of 1st period - Shot by Gage Quinney.
16:43 of 1st period - Shot Misses the Net.
17:27 of 1st period - Shot by Ty Dellandrea.
17:27 of 1st period - Stopped by Ken Appleby without a rebound.
17:28 of 1st period - Ty Dellandrea wins face-off versus Joseph Blandisi in Phantoms zone.
17:37 of 1st period - Shot by Ty Dellandrea.
17:37 of 1st period - Shot Misses the Net.
17:39 of 1st period - Shot by Samuel Morin.
17:39 of 1st period - Stopped by Ken Appleby with a rebound.
18:47 of 1st period - Shot by Riley Barber.
18:47 of 1st period - Deflect By Sheldon Dries.
18:47 of 1st period - Shot Misses the Net.
19:33 of 1st period - Icing by Joachim Blichfeld.
19:34 of 1st period - Ty Dellandrea wins face-off versus David Cotton in Phantoms zone.
19:59 of 1st period - Shot by Philipp Kurashev.
19:59 of 1st period - Goal by Philipp Kurashev - Phantoms : 2 - Marlies : 3.
Goals for this period are 2 for Phantoms vs 3 for Marlies.
Shots for this period are 10 for Phantoms vs 17 for Marlies.

2nd period


0:01 of 2nd period - Ty Dellandrea wins face-off versus Joseph Blandisi in neutral zone.
0:15 of 2nd period - Minor Penalty to Ty Dellandrea for Interference.
0:16 of 2nd period - David Cotton wins face-off versus Mitchell Stephens in Marlies zone.
0:21 of 2nd period - Shot by Mark Friedman.
0:21 of 2nd period - Stopped by Adam Werner without a rebound.
0:22 of 2nd period - Gage Quinney wins face-off versus Oskar Steen in Marlies zone.
0:25 of 2nd period - Shot by Henri Jokiharju.
0:25 of 2nd period - Shot Misses the Net.
0:35 of 2nd period - Shot by Mark Friedman.
0:35 of 2nd period - Shot Misses the Net.
0:37 of 2nd period - Shot by Henri Jokiharju.
0:37 of 2nd period - Shot Misses the Net.
0:43 of 2nd period - Shot by Gerald Mayhew.
0:43 of 2nd period - Shot Blocked by Devante Stephens.
0:45 of 2nd period - Shot by Henri Jokiharju.
0:45 of 2nd period - Stopped by Adam Werner without a rebound.
0:46 of 2nd period - David Cotton wins face-off versus Mitchell Stephens in Marlies zone.
1:12 of 2nd period - Shot by Oliwer Kaski.
1:12 of 2nd period - Shot Blocked by Devante Stephens.
3:18 of 2nd period - Shot by Gabriel Bourque.
3:18 of 2nd period - Stopped by Ken Appleby with a rebound.
3:20 of 2nd period - Shot by Devante Stephens.
3:20 of 2nd period - Shot Misses the Net.
3:22 of 2nd period - Shot by Frederik Gauthier.
3:22 of 2nd period - Stopped by Ken Appleby with a rebound.
3:24 of 2nd period - Shot by Frederik Gauthier.
3:24 of 2nd period - Goal by Frederik Gauthier - Phantoms : 2 - Marlies : 4.
3:25 of 2nd period - Gage Quinney wins face-off versus Oskar Steen in neutral zone.
3:34 of 2nd period - Shot by Nolan Stevens.
3:34 of 2nd period - Stopped by Adam Werner with a rebound.
3:56 of 2nd period - Shot by Adam Ruzicka.
3:56 of 2nd period - Shot Misses the Net.
5:27 of 2nd period - Icing by Gerald Mayhew.
5:28 of 2nd period - Ty Dellandrea wins face-off versus Joseph Blandisi in Phantoms zone.
5:31 of 2nd period - Shot by Arnaud Durandeau.
5:31 of 2nd period - Stopped by Ken Appleby without a rebound.
5:32 of 2nd period - Frederik Gauthier wins face-off versus Joachim Blichfeld in Phantoms zone.
5:43 of 2nd period - Shot by Frederik Gauthier.
5:43 of 2nd period - Shot Blocked by Oliwer Kaski.
6:53 of 2nd period - Ty Dellandrea is hit by Jake Bischoff.
7:09 of 2nd period - Shot by Oskar Steen.
7:09 of 2nd period - Stopped by Ken Appleby with a rebound.
7:11 of 2nd period - Shot by Oskar Steen.
7:11 of 2nd period - Shot Misses the Net.
7:13 of 2nd period - Shot by Nikita Okhotiuk.
7:13 of 2nd period - Shot Misses the Net.
7:15 of 2nd period - Shot by Mitchell Stephens.
7:15 of 2nd period - Stopped by Ken Appleby without a rebound.
7:16 of 2nd period - Frederik Gauthier wins face-off versus Gage Quinney in Phantoms zone.
8:24 of 2nd period - Shot by Rhett Gardner.
8:24 of 2nd period - Stopped by Ken Appleby without a rebound.
8:25 of 2nd period - Ty Dellandrea wins face-off versus Joseph Blandisi in Phantoms zone.
8:29 of 2nd period - Icing by Jake Bischoff.
8:30 of 2nd period - Joseph Blandisi wins face-off versus Ty Dellandrea in Phantoms zone.
8:38 of 2nd period - Gerald Mayhew is hit by Samuel Morin and loses puck.
9:18 of 2nd period - Icing by Jake Bischoff.
9:19 of 2nd period - Frederik Gauthier wins face-off versus Joseph Blandisi in Phantoms zone.
9:47 of 2nd period - Oliwer Kaski is hit by Cody Goloubef and loses puck.
10:28 of 2nd period - Shot by Rhett Gardner.
10:28 of 2nd period - Shot Misses the Net.
10:52 of 2nd period - Icing by Devante Stephens.
10:53 of 2nd period - Gage Quinney wins face-off versus Mitchell Stephens in Marlies zone.
11:00 of 2nd period - Shot by Gage Quinney.
11:00 of 2nd period - Shot Misses the Net.
12:14 of 2nd period - Kyle Clifford is hit by Joseph Blandisi and loses puck.
13:05 of 2nd period - Sheldon Dries is hit by Nikita Okhotiuk and loses puck.
13:10 of 2nd period - Shot by C.J. Smith.
13:10 of 2nd period - Stopped by Adam Werner with a rebound.
13:12 of 2nd period - Shot by Sheldon Dries.
13:12 of 2nd period - Stopped by Adam Werner without a rebound.
13:13 of 2nd period - Mitchell Stephens wins face-off versus David Cotton in Marlies zone.
13:20 of 2nd period - Shot by Oskar Steen.
13:20 of 2nd period - Stopped by Ken Appleby without a rebound.
13:21 of 2nd period - David Cotton wins face-off versus Mitchell Stephens in Phantoms zone.
13:21 of 2nd period - David Cotton is hit by Oskar Steen.
13:33 of 2nd period - Shot by Mitchell Stephens.
13:33 of 2nd period - Stopped by Ken Appleby without a rebound.
13:34 of 2nd period - Sheldon Dries wins face-off versus Kyle Clifford in Phantoms zone.
13:34 of 2nd period - Sheldon Dries is hit by Frederik Gauthier.
13:45 of 2nd period - Off-side.
13:46 of 2nd period - Ty Dellandrea wins face-off versus David Cotton in neutral zone.
14:06 of 2nd period - Shot by Parker Kelly.
14:06 of 2nd period - Stopped by Ken Appleby without a rebound.
14:07 of 2nd period - Sheldon Dries wins face-off versus Frederik Gauthier in Phantoms zone.
14:07 of 2nd period - Sheldon Dries is hit by Frederik Gauthier.
14:12 of 2nd period - Off-side.
14:13 of 2nd period - Sheldon Dries wins face-off versus Ty Dellandrea in neutral zone.
14:13 of 2nd period - Sheldon Dries is hit by Ty Dellandrea.
14:23 of 2nd period - Shot by Ty Dellandrea.
14:23 of 2nd period - Goal by Ty Dellandrea - Phantoms : 2 - Marlies : 5.
14:24 of 2nd period - Frederik Gauthier wins face-off versus David Cotton in neutral zone.
14:24 of 2nd period - Dennis Cholowski is hit by Noah Gregor.
14:51 of 2nd period - Shot by Kyle Clifford.
14:51 of 2nd period - Shot Blocked by Mark Friedman.
15:29 of 2nd period - Shot by Gerald Mayhew.
15:29 of 2nd period - Stopped by Adam Werner without a rebound.
15:30 of 2nd period - Ty Dellandrea wins face-off versus C.J. Smith in Marlies zone.
15:39 of 2nd period - Shot by C.J. Smith.
15:39 of 2nd period - Deflect By Sheldon Dries.
15:39 of 2nd period - Shot Misses the Net.
15:41 of 2nd period - Shot by Riley Barber.
15:41 of 2nd period - Shot Blocked by Trevor Carrick.
15:43 of 2nd period - Shot by Jake Bischoff.
15:43 of 2nd period - Shot Blocked by Trevor Carrick.
15:45 of 2nd period - Shot by C.J. Smith.
15:45 of 2nd period - Stopped by Adam Werner without a rebound.
15:46 of 2nd period - Rhett Gardner wins face-off versus Joseph Blandisi in Marlies zone.
15:46 of 2nd period - Rhett Gardner is hit by Joseph Blandisi.
15:52 of 2nd period - Shot by Mitchell Stephens.
15:52 of 2nd period - Shot Blocked by Henri Jokiharju.
16:17 of 2nd period - Shot by Rhett Gardner.
16:17 of 2nd period - Stopped by Ken Appleby with a rebound.
16:21 of 2nd period - Shot by Mitchell Stephens.
16:21 of 2nd period - Stopped by Ken Appleby with a rebound.
16:23 of 2nd period - Shot by Devante Stephens.
16:23 of 2nd period - Shot Blocked by Gerald Mayhew.
16:25 of 2nd period - Shot by Mitchell Stephens.
16:25 of 2nd period - Shot Misses the Net.
16:32 of 2nd period - Icing by Henri Jokiharju.
16:33 of 2nd period - Joseph Blandisi wins face-off versus Ty Dellandrea in Phantoms zone.
16:43 of 2nd period - Minor Penalty to Cody Goloubef for Roughing.
16:44 of 2nd period - Mitchell Stephens wins face-off versus Andrew Poturalski in Marlies zone.
16:57 of 2nd period - Shot by Noah Gregor.
16:57 of 2nd period - Stopped by Adam Werner with a rebound.
17:20 of 2nd period - Shot by Oskar Steen.
17:20 of 2nd period - Stopped by Ken Appleby without a rebound.
17:21 of 2nd period - Mitchell Stephens wins face-off versus Joseph Blandisi in Phantoms zone.
17:24 of 2nd period - Shot by Kyle Clifford.
17:24 of 2nd period - Shot Misses the Net.
18:44 of 2nd period - Oliwer Kaski is hit by Nikita Okhotiuk and loses puck.
18:49 of 2nd period - Shot by Adam Ruzicka.
18:49 of 2nd period - Shot Misses the Net.
18:51 of 2nd period - Shot by Nolan Stevens.
18:51 of 2nd period - Stopped by Adam Werner with a rebound.
18:53 of 2nd period - Shot by Adam Ruzicka.
18:53 of 2nd period - Goal by Adam Ruzicka - Phantoms : 3 - Marlies : 5.
18:54 of 2nd period - Ty Dellandrea wins face-off versus Sheldon Dries in neutral zone.
19:23 of 2nd period - Shot by C.J. Smith.
19:23 of 2nd period - Goal by C.J. Smith - Phantoms : 4 - Marlies : 5.
19:24 of 2nd period - Frederik Gauthier wins face-off versus Gage Quinney in neutral zone.
19:51 of 2nd period - Shot by Gabriel Bourque.
19:51 of 2nd period - Stopped by Ken Appleby without a rebound.
19:52 of 2nd period - Joachim Blichfeld wins face-off versus Ty Dellandrea in Phantoms zone.
19:57 of 2nd period - Minor Penalty to Jake Bischoff for Slashing.
19:58 of 2nd period - Ty Dellandrea wins face-off versus Gage Quinney in Phantoms zone.
Goals for this period are 2 for Phantoms vs 2 for Marlies.
Shots for this period are 11 for Phantoms vs 15 for Marlies.

3rd period


0:01 of 3rd period - Gage Quinney wins face-off versus Ty Dellandrea in neutral zone.
0:34 of 3rd period - Shot by Ty Dellandrea.
0:34 of 3rd period - Shot Misses the Net.
0:36 of 3rd period - Shot by Parker Kelly.
0:36 of 3rd period - Shot Misses the Net.
0:57 of 3rd period - Shot by Kyle Clifford.
0:57 of 3rd period - Shot Blocked by Oliwer Kaski.
1:10 of 3rd period - Off-side.
1:11 of 3rd period - Nolan Stevens wins face-off versus Kyle Clifford in neutral zone.
1:33 of 3rd period - Shot by Dennis Cholowski.
1:33 of 3rd period - Stopped by Ken Appleby without a rebound.
1:34 of 3rd period - Ty Dellandrea wins face-off versus Nolan Stevens in Phantoms zone.
1:55 of 3rd period - Shot by Trevor Carrick.
1:55 of 3rd period - Stopped by Ken Appleby with a rebound.
1:57 of 3rd period - Shot by Ty Dellandrea.
1:57 of 3rd period - Deflect By Mitchell Stephens.
1:57 of 3rd period - Shot Blocked by Dmitri Samorukov.
2:07 of 3rd period - Shot by David Cotton.
2:07 of 3rd period - Shot Misses the Net.
2:09 of 3rd period - Shot by David Cotton.
2:09 of 3rd period - Shot Blocked by Mitchell Stephens.
2:13 of 3rd period - Shot by Noah Gregor.
2:13 of 3rd period - Stopped by Adam Werner without a rebound.
2:14 of 3rd period - Sheldon Dries wins face-off versus Frederik Gauthier in Marlies zone.
2:14 of 3rd period - Sheldon Dries is hit by Samuel Morin.
2:22 of 3rd period - C.J. Smith is hit by Gabriel Bourque.
2:23 of 3rd period - Icing by C.J. Smith.
2:24 of 3rd period - Sheldon Dries wins face-off versus Ty Dellandrea in Phantoms zone.
2:24 of 3rd period - Sheldon Dries is hit by Ty Dellandrea.
2:55 of 3rd period - Shot by Jonathan Gruden.
2:55 of 3rd period - Stopped by Ken Appleby without a rebound.
2:56 of 3rd period - Frederik Gauthier wins face-off versus David Cotton in Phantoms zone.
2:56 of 3rd period - Kyle Clifford is hit by Dmitri Samorukov.
3:01 of 3rd period - Icing by Dmitri Samorukov.
3:02 of 3rd period - David Cotton wins face-off versus Frederik Gauthier in Phantoms zone.
3:23 of 3rd period - Shot by Frederik Gauthier.
3:23 of 3rd period - Stopped by Ken Appleby without a rebound.
3:24 of 3rd period - Ty Dellandrea wins face-off versus Joseph Blandisi in Phantoms zone.
3:30 of 3rd period - Gerald Mayhew is hit by Cody Goloubef and loses puck.
3:34 of 3rd period - Icing by Cody Goloubef.
3:35 of 3rd period - Ty Dellandrea wins face-off versus David Cotton in Marlies zone.
3:35 of 3rd period - Ty Dellandrea is hit by Joachim Blichfeld.
3:40 of 3rd period - Minor Penalty to Joachim Blichfeld for Interference.
3:41 of 3rd period - Kyle Clifford wins face-off versus Gage Quinney in Phantoms zone.
3:52 of 3rd period - Shot by Kyle Clifford.
3:52 of 3rd period - Shot Misses the Net.
3:54 of 3rd period - Shot by Frederik Gauthier.
3:54 of 3rd period - Stopped by Ken Appleby without a rebound.
3:55 of 3rd period - Ty Dellandrea wins face-off versus Gage Quinney in Phantoms zone.
4:10 of 3rd period - Shot by Ty Dellandrea.
4:10 of 3rd period - Stopped by Ken Appleby without a rebound.
4:11 of 3rd period - Nolan Stevens wins face-off versus Kyle Clifford in Phantoms zone.
4:26 of 3rd period - Icing by Frederik Gauthier.
4:27 of 3rd period - Kyle Clifford wins face-off versus Gage Quinney in Marlies zone.
4:48 of 3rd period - Shot by Kyle Clifford.
4:48 of 3rd period - Shot Blocked by Josh Mahura.
5:57 of 3rd period - Shot by Oskar Steen.
5:57 of 3rd period - Stopped by Ken Appleby without a rebound.
5:58 of 3rd period - Frederik Gauthier wins face-off versus Sheldon Dries in Phantoms zone.
6:05 of 3rd period - Kyle Clifford is hit by C.J. Smith and loses puck.
6:20 of 3rd period - Shot by Kyle Clifford.
6:20 of 3rd period - Stopped by Ken Appleby without a rebound.
6:21 of 3rd period - David Cotton wins face-off versus Ty Dellandrea in Phantoms zone.
6:38 of 3rd period - Devante Stephens is hit by Mark Friedman and loses puck.
6:43 of 3rd period - Shot by Ty Dellandrea.
6:43 of 3rd period - Shot Misses the Net.
6:58 of 3rd period - Shot by Nikita Okhotiuk.
6:58 of 3rd period - Stopped by Ken Appleby without a rebound.
6:59 of 3rd period - Joseph Blandisi wins face-off versus Mitchell Stephens in Phantoms zone.
6:59 of 3rd period - Gerald Mayhew is hit by Oskar Steen and loses puck.
7:12 of 3rd period - Shot by Joseph Blandisi.
7:12 of 3rd period - Stopped by Adam Werner with a rebound.
7:27 of 3rd period - Minor Penalty to Joseph Blandisi for Interference.
7:28 of 3rd period - Ty Dellandrea wins face-off versus Gage Quinney in Phantoms zone.
7:35 of 3rd period - Shot by Philipp Kurashev.
7:35 of 3rd period - Shot Misses the Net.
7:52 of 3rd period - Philipp Kurashev is hit by Nolan Stevens and loses puck.
8:01 of 3rd period - Shot by Trevor Carrick.
8:01 of 3rd period - Stopped by Ken Appleby without a rebound.
8:02 of 3rd period - Kyle Clifford wins face-off versus Gage Quinney in Phantoms zone.
8:03 of 3rd period - Shot by Dennis Cholowski.
8:03 of 3rd period - Shot Blocked by Henri Jokiharju.
8:14 of 3rd period - Icing by Frederik Gauthier.
8:15 of 3rd period - Nolan Stevens wins face-off versus Kyle Clifford in Marlies zone.
8:41 of 3rd period - Shot by Kyle Clifford.
8:41 of 3rd period - Shot Misses the Net.
9:29 of 3rd period - Jake Bischoff is hit by Oskar Steen and loses puck.
9:54 of 3rd period - Shot by Mitchell Stephens.
9:54 of 3rd period - Shot Misses the Net.
10:20 of 3rd period - Shot by Philipp Kurashev.
10:20 of 3rd period - Stopped by Ken Appleby without a rebound.
10:21 of 3rd period - Parker Kelly wins face-off versus David Cotton in Phantoms zone.
10:21 of 3rd period - Parker Kelly is hit by Oliwer Kaski.
10:23 of 3rd period - Shot by Ty Dellandrea.
10:23 of 3rd period - Shot Misses the Net.
10:26 of 3rd period - Icing by Mark Friedman.
10:27 of 3rd period - Ty Dellandrea wins face-off versus David Cotton in Phantoms zone.
10:27 of 3rd period - Ty Dellandrea is hit by Mark Friedman.
10:33 of 3rd period - Shot by Parker Kelly.
10:33 of 3rd period - Shot Misses the Net.
10:40 of 3rd period - Minor Penalty to Oliwer Kaski for Hooking.
10:41 of 3rd period - Ty Dellandrea wins face-off versus Gage Quinney in Phantoms zone.
10:48 of 3rd period - Shot by Trevor Carrick.
10:48 of 3rd period - Stopped by Ken Appleby without a rebound.
10:49 of 3rd period - Gage Quinney wins face-off versus Kyle Clifford in Phantoms zone.
11:03 of 3rd period - Off-side.
11:04 of 3rd period - Ty Dellandrea wins face-off versus Gage Quinney in neutral zone.
11:58 of 3rd period - Icing by Samuel Morin.
11:59 of 3rd period - Nolan Stevens wins face-off versus Arnaud Durandeau in Marlies zone.
12:14 of 3rd period - Shot by Samuel Morin.
12:14 of 3rd period - Deflect By Frederik Gauthier.
12:14 of 3rd period - Stopped by Ken Appleby with a rebound.
12:16 of 3rd period - Shot by Dennis Cholowski.
12:16 of 3rd period - Shot Misses the Net.
12:18 of 3rd period - Shot by Dennis Cholowski.
12:18 of 3rd period - Stopped by Ken Appleby with a rebound.
12:32 of 3rd period - Shot by Kyle Clifford.
12:32 of 3rd period - Stopped by Ken Appleby without a rebound.
12:33 of 3rd period - Ty Dellandrea wins face-off versus Gage Quinney in Phantoms zone.
12:46 of 3rd period - Shot by David Cotton.
12:46 of 3rd period - Stopped by Adam Werner without a rebound.
12:47 of 3rd period - Joseph Blandisi wins face-off versus Mitchell Stephens in Marlies zone.
12:48 of 3rd period - Shot by Oliwer Kaski.
12:48 of 3rd period - Goal by Oliwer Kaski - Phantoms : 5 - Marlies : 5.
12:49 of 3rd period - Ty Dellandrea wins face-off versus Joseph Blandisi in neutral zone.
12:57 of 3rd period - Icing by Gerald Mayhew.
12:58 of 3rd period - Joseph Blandisi wins face-off versus Ty Dellandrea in Phantoms zone.
13:19 of 3rd period - Shot by Parker Kelly.
13:19 of 3rd period - Shot Blocked by Mark Friedman.
13:21 of 3rd period - Shot by Samuel Morin.
13:21 of 3rd period - Stopped by Ken Appleby with a rebound.
13:23 of 3rd period - Shot by Ty Dellandrea.
13:23 of 3rd period - Stopped by Ken Appleby without a rebound.
13:24 of 3rd period - Frederik Gauthier wins face-off versus Gage Quinney in Phantoms zone.
13:48 of 3rd period - Icing by Henri Jokiharju.
13:49 of 3rd period - Ty Dellandrea wins face-off versus Gage Quinney in Phantoms zone.
13:54 of 3rd period - Shot by Parker Kelly.
13:54 of 3rd period - Stopped by Ken Appleby without a rebound.
13:55 of 3rd period - Joseph Blandisi wins face-off versus Ty Dellandrea in Phantoms zone.
14:20 of 3rd period - Shot by Andrew Poturalski.
14:20 of 3rd period - Shot Misses the Net.
14:22 of 3rd period - Shot by Andrew Poturalski.
14:22 of 3rd period - Stopped by Adam Werner without a rebound.
14:23 of 3rd period - Gage Quinney wins face-off versus Frederik Gauthier in Marlies zone.
14:46 of 3rd period - Shot by Gage Quinney.
14:46 of 3rd period - Stopped by Adam Werner without a rebound.
14:47 of 3rd period - Ty Dellandrea wins face-off versus David Cotton in Marlies zone.
14:47 of 3rd period - Ty Dellandrea is hit by Noah Gregor.
14:55 of 3rd period - Parker Kelly is hit by Joachim Blichfeld and loses puck.
15:06 of 3rd period - Shot by Joachim Blichfeld.
15:06 of 3rd period - Goal by Joachim Blichfeld - Phantoms : 6 - Marlies : 5.
15:07 of 3rd period - Frederik Gauthier wins face-off versus Joseph Blandisi in neutral zone.
15:26 of 3rd period - Shot by Frederik Gauthier.
15:26 of 3rd period - Shot Blocked by Josh Mahura.
16:35 of 3rd period - Gage Quinney is hit by Samuel Morin and loses puck.
16:38 of 3rd period - Shot by Oliwer Kaski.
16:38 of 3rd period - Stopped by Adam Werner without a rebound.
16:39 of 3rd period - Mitchell Stephens wins face-off versus Sheldon Dries in Marlies zone.
16:52 of 3rd period - Shot by Mitchell Stephens.
16:52 of 3rd period - Stopped by Ken Appleby without a rebound.
16:53 of 3rd period - Frederik Gauthier wins face-off versus David Cotton in Phantoms zone.
17:00 of 3rd period - Shot by Kyle Clifford.
17:00 of 3rd period - Stopped by Ken Appleby without a rebound.
17:01 of 3rd period - Oskar Steen wins face-off versus Sheldon Dries in Phantoms zone.
17:22 of 3rd period - Shot by Sheldon Dries.
17:22 of 3rd period - Shot Blocked by Cody Goloubef.
17:32 of 3rd period - Shot by Oskar Steen.
17:32 of 3rd period - Shot Blocked by Henri Jokiharju.
17:38 of 3rd period - Shot by Oskar Steen.
17:38 of 3rd period - Stopped by Ken Appleby without a rebound.
17:39 of 3rd period - Ty Dellandrea wins face-off versus Joseph Blandisi in Phantoms zone.
17:59 of 3rd period - Off-side.
18:00 of 3rd period - David Cotton wins face-off versus Frederik Gauthier in neutral zone.
18:11 of 3rd period - Shot by Noah Gregor.
18:11 of 3rd period - Stopped by Adam Werner without a rebound.
18:12 of 3rd period - Ty Dellandrea wins face-off versus Gage Quinney in Marlies zone.
18:23 of 3rd period - Icing by Parker Kelly.
18:24 of 3rd period - Joachim Blichfeld wins face-off versus Ty Dellandrea in Marlies zone.
18:35 of 3rd period - Shot by David Cotton.
18:35 of 3rd period - Stopped by Adam Werner without a rebound.
18:36 of 3rd period - Frederik Gauthier wins face-off versus Gage Quinney in Marlies zone.
18:41 of 3rd period - Shot by Kyle Clifford.
18:41 of 3rd period - Stopped by Ken Appleby without a rebound.
18:42 of 3rd period - Ty Dellandrea wins face-off versus Sheldon Dries in Phantoms zone.
19:01 of 3rd period - Marlies, Adam Werner is pulled from the net.
19:14 of 3rd period - Ty Dellandrea is hit by Mark Friedman.
19:26 of 3rd period - Parker Kelly is hit by Sheldon Dries and loses puck.
Goals for this period are 2 for Phantoms vs 0 for Marlies.
Shots for this period are 10 for Phantoms vs 22 for Marlies.




Output by the SimonT Hockey Simulator (STHS) for Eric Henault - Original Page W3C HTML5 Valid
Hockey Simulator - Hockey Simulation - Hockey Manager